 Dungeon Crawl Stone Soup version 0.26-a0-812-g31a745ddcd (webtiles) character file.

Game seed: 6533668489558392067

56788 Apogee the Fighter (level 14, -1/126 HPs)
             Began as a Pale Draconian Ice Elementalist on Nov 26, 2020.
             Was a High Priest of Vehumet.
             Slain by a minotaur
             ... wielding an uncursed staff of air
              (2 damage)
             ... in a Gauntlet.
             The game lasted 01:05:43 (20460 turns).

Apogee the Fighter (DrIE)                          Turns: 20460, Time: 01:05:44

Health: -1/126     AC: 21    Str: 12    XL:     14   Next: 43%
Magic:  10/26      EV: 21    Int: 18    God:    Vehumet [*****.]
Gold:   1338       SH:  0    Dex: 18    Spells: 0/29 levels left

rFire    + + .     SeeInvis +   M - +6 quick blade of Folosmi {vamp, rElec rC+ Str+2 SInv}
rCold    + . .     Faith    .   (no shield)
rNeg     . . .     Spirit   .   (armour unavailable)
rPois    +         Reflect  .   C - +0 hat
rElec    +         Harm     .   Y - +2 cloak of the Thief {*Fog Slay-2 SInv Stlth+}
rCorr    .         Rampage  .   X - +1 pair of gloves {Dex+3}
MR       ++...     NoTele   +   V - +0 pair of boots of Charity {rF+ MR+ SInv} (curse)
Stlth    +++.......             e - amulet of regeneration
HPRegen  0.71/turn              B - ring of poison resistance
MPRegen  0.20/turn              i - ring of protection from fire

@: confused, mighty, icy armour, short of breath, attractive
A: breathe steam, unfitting armour, cold-blooded, AC +8
a: Breathe Steam, Renounce Religion


You were in a Gauntlet.
You worshipped Vehumet.
Vehumet was extremely pleased with you.
You visited 4 branches of the dungeon, and saw 18 of its levels.
You also visited: Gauntlet, Ice Cave and Volcano.

You collected 1338 gold pieces.

Inventory:

Hand Weapons
 M - the +6 quick blade of Folosmi (weapon) {vamp, rElec rC+ Str+2 SInv}
   (You found it on level 2 of the Lair of Beasts)

   It inflicts no extra harm, but heals its wielder when it wounds a living foe.
   It affects your strength (+2).
   It protects you from cold.
   It insulates you from electricity.
   It lets you see invisible.
Missiles
 L - 3 throwing nets (quivered) {!f}
Armour
 C - a +0 hat (worn)
   (You found it on level 7 of the Dungeon)
 V - the cursed +0 pair of boots of Charity (worn) {rF+ MR+ SInv}
   (You found it on level 3 of the Lair of Beasts)

   It protects you from fire.
   It affects your resistance to hostile enchantments.
   It lets you see invisible.
   It has a curse placed upon it.
 X - a +1 pair of gloves of dexterity (worn)
   (You found it in an ice cave)
 Y - the +2 cloak of the Thief (worn) {*Fog Slay-2 SInv Stlth+}
   (You found it in an ice cave)

   It affects your accuracy and damage with ranged weapons and melee attacks
   (-2).
   It lets you see invisible.
   It makes you more stealthy.
Magical Staves
 n - an uncursed staff of earth {unknown}
   (You found it in a Gauntlet)
Jewellery
 a - an uncursed amulet of guardian spirit
   (You took it off an orc on level 5 of the Dungeon)
 b - the ring "Futapyodghe" {+Fly rC+ Str+4 Int+2, unknown}
   (You found it in a Gauntlet)

   [ring of flight]

   It affects your strength (+4).
   It affects your intelligence (+2).
   It protects you from cold.
   It lets you fly.
 e - an amulet of regeneration (around neck)
   (You took it off a goblin on level 3 of the Dungeon)
 i - a ring of protection from fire (right hand)
   (You took it off an orc on level 3 of the Dungeon)
 z - an uncursed ring of positive energy
   (You found it on level 5 of the Dungeon)
 B - a ring of poison resistance (left hand)
   (You found it on level 6 of the Dungeon)
 E - a +6 ring of dexterity {unknown}
   (You found it on level 5 of the Lair of Beasts)
 P - a cursed ring of teleportation {unknown}
   (You found it on level 10 of the Dungeon)
Wands
 d - a wand of iceblast (27)
   (You found it on level 8 of the Dungeon)
 u - a wand of polymorph (2)
   (You took it off Natasha on level 3 of the Dungeon)
 v - a wand of digging (5)
   (You found it on level 7 of the Dungeon)
 x - a wand of acid (9)
   (You found it on level 4 of the Lair of Beasts)
Scrolls
 k - 6 scrolls of enchant weapon
 l - 6 scrolls of teleportation {@r4}
 o - 7 scrolls of fog
 r - 3 scrolls of magic mapping
 s - 5 scrolls of blinking
 w - 3 scrolls of enchant armour
 y - 5 scrolls of noise {unknown}
 D - a scroll of amnesia
 F - 3 scrolls of silence
 I - a scroll of brand weapon {unknown}
 K - 13 scrolls of remove curse {@r2}
 Q - 2 scrolls of fear
 W - a scroll of holy word {unknown}
 Z - 6 scrolls of immolation {!r}
Potions
 c - 4 potions of brilliance
 f - a potion of heal wounds {unknown}
 g - 7 potions of curing {@q1}
 h - 3 potions of cancellation
 j - 6 potions of flight
 m - 3 potions of haste {unknown}
 q - a potion of lignification {!q}
 G - 3 potions of might
 H - 2 potions of attraction {!q}
 N - a potion of ambrosia
 R - 3 potions of resistance {unknown}
 T - 2 potions of magic {unknown}
 U - 2 potions of degeneration {unknown}


   Skills:
 - Level 12.0 Fighting
 - Level 7.6(8.0) Short Blades
   Level 3.1(5.8) Long Blades
 + Level 11.6 Dodging
 * Level 6.9 Stealth
 - Level 8.0 Spellcasting
 - Level 8.2 Conjurations
 + Level 2.0 Hexes
 - Level 6.0 Summonings
 - Level 2.0 Translocations
 - Level 4.0 Fire Magic
 - Level 8.1 Ice Magic
 - Level 4.0 Poison Magic
 - Level 4.0 Evocations


You couldn't memorise any spells.
You knew the following spells:

 Your Spells              Type           Power        Failure   Level
a - Freeze                Ice            ####         1%          1
b - Frozen Ramparts       Ice            #####.       1%          3
c - Ozocubu's Armour      Ice            #####...     1%          3
d - Fireball              Conj/Fire      ####......   6%          5
e - Blink                 Tloc           N/A          6%          2
f - Summon Ice Beast      Ice/Summ       ####....     5%          4
g - Confusing Touch       Hex            ##......     13%         3
x - Iskenderun's Mystic   Conj/Tloc      ####....     3%          4
y - Olgreb's Toxic Radia  Pois           ###.....     5%          4

Your spell library contained the following spells:

 Spells                   Type           Power        Failure   Level
 Starburst                Conj/Fire      ####......   30%         6
 Magic Dart               Conj           ####         1%          1
 Summon Small Mammal      Summ           ####         1%          1
 Call Imp                 Summ           ####....     1%          2
 Conjure Flame            Conj/Fire      ####....     1%          3
 Mephitic Cloud           Conj/Pois/Air  ###.....     1%          3
 Hailstorm                Conj/Ice       #####...     1%          4
 Call Canine Familiar     Summ           ####....     2%          3
 Summon Guardian Golem    Hex/Summ       ###.....     5%          3
 Slow                     Hex            ##......     6%          2
 Beastly Appendage        Tmut           #.....       10%         1
 Gell's Gravitas          Tloc           ##........   13%         3
 Spider Form              Tmut/Pois      ##........   13%         3
 Wereblood                Tmut           #.......     14%         2
 Ice Form                 Ice/Tmut       ###.....     19%         4
 Summon Lightning Spire   Summ/Air       ###.....     28%         4
 Metabolic Englaciation   Hex/Ice        ####......   32%         5
 Yara's Violent Unravell  Hex/Tmut       ##........   41%         5
 Petrify                  Tmut/Erth      #.......     67%         4
 Blade Hands              Tmut           #.........   95%         5


Dungeon Overview and Level Annotations

Branches:
Dungeon (10/15)            Temple (1/1) D:6            Lair (6/6) D:9
  Swamp (1/4) Lair:3       Shoals (0/4) Lair:2        Slime (0/5) Lair:5
    Orc (0/2) D:10          IceCv (visited)         Volcano (visited)
Gauntlet (1/1)

Altars:
Ashenzari
Cheibriados
Makhleb
Nemelex Xobeh
Qazlal
Sif Muna
Vehumet
Wu Jian
Xom
Yredelemnul
The Shining One
Jiyva

Shops:
D:5 *   D:8 (

Annotations:
Lair:4 1 runed translucent door, Cakiepeg's ghost, journeyman DDGl
Lair:5 1 runed translucent door, exclusion: oklob plant Gauntlet 6 transporters, 2 runed translucent doors


Innate Abilities, Weirdness & Mutations

You can breathe blasts of scalding, opaque steam.
Your pale cyan-grey scales are hard. (AC +8)
You cannot fit into any form of body armour.
You are cold-blooded and may be slowed by cold attacks.


Message History

You have got your breath back.
The minotaur throws a silver javelin.
The silver javelin misses you.
You see here a silver javelin.
Okay, then.
A chill wind blows around you.
The minotaur hits your ice beast with an uncursed staff of air!!
Your ice beast is electrocuted!
Your ice beast dies!
Unknown command.
Unknown command.
Okay, then.
Okay, then.
Aim: a minotaur, wielding a staff of air, wearing a +0 chain mail, wearing the ring of Xoxeikk {rPois rF+ MP+9 Str+3 Dex-4} and quivering 17 silver javelins (purple smoke, heavily wounded)
The fireball explodes!
The fireball engulfs the minotaur.
The minotaur resists.
The minotaur throws a silver javelin.
The silver javelin completely misses you.
Unknown command.
The minotaur throws a silver javelin.
The silver javelin completely misses you.
You see here a silver javelin.
Unknown command.
Aim: a minotaur, wielding a staff of air, wearing a +0 chain mail, wearing the ring of Xoxeikk {rPois rF+ MP+9 Str+3 Dex-4} and quivering 15 silver javelins (heavily wounded)
You exhale a blast of scalding steam.
Okay, then.
Okay, then.
Okay, then.
Okay, then.
Okay, then.
A film of ice covers your body!
The minotaur hits you with an uncursed staff of air!
* * * LOW HITPOINT WARNING * * *
With a swish of your cloak, you release a cloud of fog.
The minotaur gores you but does no damage.
You feel very mighty all of a sudden.
The minotaur hits you but does no damage.
The minotaur gores you!
* * * LOW HITPOINT WARNING * * *
You puncture the minotaur!
You feel better. The minotaur closely misses you. The minotaur gores you!
* * * LOW HITPOINT WARNING * * *
Unknown command.
It was a potion of attraction.
You feel attractive to monsters.
It was a potion of ambrosia.
You are confused.
You feel invigorated.
The minotaur hits you with an uncursed staff of air!
* * * LOW HITPOINT WARNING * * *
You are electrocuted.
You die...

##≈###≈###.......###≈###
## ##################
#................
#.8.8.8.©.©.8.8.8
#................
#####.###.###.##
###§###.###§###
#§§§.....§§...#
#@###.###§###.#
#H###.###H###.#
#§§§§...§§§§..#
#######§####### .§§.
###. .. ≈∩ ≈≈≈


You could see a minotaur.

Vanquished Creatures
  2 entropy weavers (Lair:4)
  6 hydras
  A two-headed ogre (D:9)
  A queen ant (Lair:4)
  2 skeletal warriors (Volcano)
  A lindwurm (Lair:2)
  An oklob plant (Lair:1)
  A necromancer (IceCv)
  A will-o-the-wisp (Lair:3)
  A merfolk siren (Lair:2)
  4 ice statues (IceCv)
  10 elephants
  A torpor snail (Gauntlet)
  5 black mambas
  3 gargoyles (Volcano)
  6 komodo dragons
  12 cane toads
  3 rime drakes (Lair:4)
  3 ice devils (IceCv)
  3 polar bears
  A troll (D:10)
  A tyrant leech (Lair:3)
  2 harpy skeletons (Volcano)
  4 blink frogs (Lair:6)
  6 dream sheep (Lair:5)
  A flying skull (Volcano)
  A vampire (D:10)
  An alligator skeleton (Volcano)
  60 yaks
  Grum (D:8)
  Eustachio (D:5)
  15 wyverns
  4 basilisks (Lair:4)
  5 insubstantial wisps (Lair:3)
  A swamp worm (Swamp:1)
  17 water moccasins
  22 soldier ants (Lair:4)
  2 black bears (D:9)
  2 ice beasts
  2 sky beasts (D:5)
  7 ogres
  4 orc warriors
  3 phantoms
  A necrophage (D:8)
  36 wolves
  2 centaurs
  A big kobold (D:6)
  21 bullfrogs
  A cane toad simulacrum (Gauntlet)
  5 scorpions
  A water moccasin skeleton (D:8)
  A killer bee (D:9)
  7 wights
  2 electric eels (Lair:2)
  3 howler monkeys (D:10)
  3 bullfrog zombies
  4 draconian simulacra (IceCv)
  5 hounds
  2 jellies
  A gnoll shaman (D:8)
  12 orc priests
  2 bullfrog skeletons
  15 orc wizards
  Jessica (D:2)
  A centaur skeleton (D:6)
  Natasha (thrice) (D:3)
  5 hell rats (Lair:4)
  3 iguanas
  A spriggan simulacrum (IceCv)
  2 troll simulacra (IceCv)
  26 worker ants
  4 centaur simulacra
  A hound zombie (D:6)
  A naga skeleton (Volcano)
  6 gnolls
  12 adders
  A naga simulacrum (IceCv)
  2 shadow imps (D:6)
  2 white imps
  An ooze (D:4)
  6 worms
  4 dart slugs
  2 leopard geckos
  39 orcs
  3 giant cockroaches
  3 goblins (D:3)
  7 hobgoblins
  17 jackals
  3 quokkas
  6 bats
  5 frilled lizards
  A giant cockroach zombie (D:6)
  A jackal skeleton (D:5)
  11 kobolds
  A leopard gecko skeleton (D:4)
  2 leopard gecko zombies
  2 quokka skeletons (D:7)
  A quokka zombie (D:7)
  7 rats
548 creatures vanquished.

Vanquished Creatures (collateral kills)
  Harold (D:8)
  2 elephants (Lair:3)
  Maurice (D:9)
  3 rime drakes (Lair:4)
  A flying skull (Volcano)
  2 wyverns (Lair:4)
  A yak (Lair:6)
  A basilisk (Lair:4)
  A soldier ant (Lair:4)
  An ice beast (D:7)
  4 wolves
  A naga skeleton (Volcano)
19 creatures vanquished.

Vanquished Creatures (others)
  A flying skull (Volcano)
  2 foxfires (Lair:3)
  73 fungi
  115 plants
191 creatures vanquished.

Grand Total: 758 creatures vanquished

Notes
Turn   | Place    | Note
-------+----------+-------------------------------------------
     0 | D:1      | Apogee the Draconian Ice Elementalist began the quest for
                  | the Orb.
     0 | D:1      | Reached XP level 1. HP: 14/14 MP: 3/3
   169 | D:1      | Reached XP level 2. HP: 20/20 MP: 1/5
   492 | D:1      | Reached XP level 3. HP: 26/26 MP: 2/7
  1189 | D:2      | Found a sparkling altar of Nemelex Xobeh.
  1189 | D:2      | Found a basalt altar of Yredelemnul.
  1257 | D:2      | Found an ornate altar of the Wu Jian Council.
  1453 | D:2      | Noticed Jessica
  1456 | D:2      | Killed Jessica
  1456 | D:2      | Reached XP level 4. HP: 33/33 MP: 6/8
  1552 | D:2      | Learned a level 3 spell: Frozen Ramparts
  1556 | D:2      | Learned a level 3 spell: Ozocubu's Armour
  1992 | D:3      | Noticed Natasha
  2154 | D:3      | Reached skill level 5 in Ice Magic
  2330 | D:3      | Reached XP level 5. HP: 13/38 MP: 3/10
  3255 | D:3      | Reached XP level 6. HP: 38/45 MP: 8/12
  3370 | D:3      | Killed Natasha
  3643 | D:3      | Noticed Natasha
  3649 | D:3      | Killed Natasha
  3768 | D:3      | Noticed Natasha
  4213 | D:3      | Killed Natasha
  4330 | D:4      | Reached skill level 5 in Spellcasting
  4739 | D:4      | Your scales start taking on a pale cyan-grey colour.
  4739 | D:4      | Reached XP level 7. HP: 45/50 MP: 7/14
  4745 | D:4      | Learned a level 4 spell: Hailstorm
  4748 | D:4      | Learned a level 2 spell: Blink
  5349 | D:5      | Entered Level 5 of the Dungeon
  5349 | D:5      | Found Kipe's General Store.
  5795 | D:5      | Reached XP level 8. HP: 57/57 MP: 17/17
  5884 | D:5      | Noticed Eustachio
  5899 | D:5      | Killed Eustachio
  5906 | D:5      | Learned a level 4 spell: Summon Ice Beast
  6129 | D:5      | Reached skill level 1 in Summonings
  6129 | D:5      | Reached skill level 1 in Translocations
  6496 | D:6      | Found a staircase to the Ecumenical Temple.
  6505 | Temple   | Entered the Ecumenical Temple
  6514 | Temple   | Became a worshipper of Vehumet
  6670 | D:6      | Found a stormy altar of Qazlal.
  6799 | D:6      | Reached XP level 9. HP: 41/62 MP: 16/20
  7061 | D:6      | Reached * piety under Vehumet
  7061 | D:6      | Offered knowledge of Sandblast by Vehumet.
  7413 | D:6      | Reached skill level 5 in Summonings
  7800 | D:7      | Reached skill level 1 in Fighting
  7887 | D:7      | Reached skill level 1 in Short Blades
  8182 | D:7      | Reached skill level 1 in Conjurations
  8255 | D:7      | Reached skill level 2 in Fighting
  8314 | D:7      | Reached ** piety under Vehumet
  8606 | D:7      | Offered knowledge of Foxfire by Vehumet.
  8742 | D:8      | Noticed Grum
  8748 | D:8      | Reached skill level 3 in Fighting
  8755 | D:8      | Killed Grum
  8783 | D:8      | Reached skill level 4 in Fighting
  8842 | D:8      | Reached XP level 10. HP: 80/80 MP: 22/22
  8973 | D:8      | Found Wickuaro's Weapon Emporium.
  9098 | D:8      | Reached skill level 5 in Fighting
  9248 | D:8      | Noticed Harold
  9274 | D:8      | Killed Harold
  9274 | D:8      | Reached skill level 6 in Fighting
  9274 | D:8      | Reached skill level 5 in Dodging
  9617 | D:9      | Offered knowledge of Dazzling Flash by Vehumet.
  9670 | D:9      | Found a staircase to the Lair.
  9698 | D:9      | Reached skill level 7 in Fighting
  9748 | D:9      | Reached *** piety under Vehumet
  9837 | D:9      | Got a transparent morningstar
 10059 | D:9      | Noticed a two-headed ogre
 10074 | D:9      | Killed a two-headed ogre
 10074 | D:9      | Reached skill level 8 in Fighting
 10229 | D:9      | Noticed Maurice
 10250 | D:9      | Killed Maurice
 10250 | D:9      | Reached XP level 11. HP: 94/94 MP: 10/23
 10641 | D:10     | Entered Level 10 of the Dungeon
 10686 | D:10     | Identified the +5 morningstar "Juimig" {freeze, rElec
                  | rPois} (You found it on level 9 of the Dungeon)
 10798 | D:10     | Offered knowledge of Olgreb's Toxic Radiance by Vehumet.
 10804 | D:10     | Learned a level 4 spell: Olgreb's Toxic Radiance
 10998 | D:10     | Found a staircase to the Orcish Mines.
 11039 | D:10     | Reached skill level 1 in Long Blades
 11039 | D:10     | Reached skill level 1 in Poison Magic
 11568 | Lair:1   | Entered Level 1 of the Lair of Beasts
 12010 | Lair:1   | Got a polished short sword
 12017 | Lair:1   | Identified the +9 short sword "Jethrov" {drain, rC+ Stlth+}
                  | (You found it on level 1 of the Lair of Beasts)
 12136 | Lair:1   | Reached **** piety under Vehumet
 12426 | Lair:1   | Noticed a five-headed hydra
 12437 | Lair:1   | Killed a five-headed hydra
 12523 | Lair:1   | Noticed an oklob plant
 12542 | Lair:1   | Found a burning altar of Makhleb.
 12548 | Lair:1   | Killed an oklob plant
 12630 | Lair:1   | Offered knowledge of Iskenderun's Mystic Blast by Vehumet.
 12636 | Lair:1   | Learned a level 4 spell: Iskenderun's Mystic Blast
 12869 | Lair:2   | Found a dark tunnel.
 12869 | Lair:2   | Noticed a lindwurm
 12884 | Lair:2   | Killed a lindwurm
 12884 | Lair:2   | Reached skill level 5 in Short Blades
 12893 | Volcano  | Entered a volcano
 13171 | Volcano  | Noticed a skeletal warrior
 13193 | Volcano  | Killed a skeletal warrior
 13193 | Volcano  | Reached XP level 12. HP: 54/101 MP: 14/24
 13287 | Volcano  | Reached skill level 5 in Conjurations
 13647 | Lair:2   | Noticed a four-headed hydra
 13664 | Lair:2   | Killed a four-headed hydra
 13763 | Lair:2   | Noticed a seven-headed hydra
 13794 | Lair:2   | Killed a seven-headed hydra
 14074 | Lair:2   | Noticed a seven-headed hydra
 14094 | Lair:2   | Killed a seven-headed hydra
 14373 | Lair:2   | Got a smoking quick blade
 14714 | Lair:2   | Found a staircase to the Shoals.
 15118 | Lair:3   | Reached ***** piety under Vehumet
 15238 | Lair:3   | Offered knowledge of Orb of Destruction by Vehumet.
 15251 | Lair:3   | Reached skill level 9 in Fighting
 15352 | Lair:3   | Got a pair of distressingly furry boots
 15399 | Lair:3   | Identified the cursed +0 pair of boots of Charity {rF+ MR+
                  | SInv} (You found it on level 3 of the Lair of Beasts)
 15413 | Lair:3   | Reached XP level 13. HP: 108/111 MP: 25/25
 15665 | Lair:3   | Found a staircase to the Swamp.
 16205 | Swamp:1  | Entered Level 1 of the Swamp
 16205 | Swamp:1  | Noticed a bunyip
 16218 | Lair:3   | Reached skill level 10 in Fighting
 16500 | Lair:4   | Reached skill level 10 in Dodging
 16841 | Lair:4   | Reached skill level 11 in Fighting
 16874 | Lair:4   | Noticed an entropy weaver
 16885 | Lair:4   | Noticed an entropy weaver
 16891 | Lair:4   | Killed an entropy weaver
 16911 | Lair:4   | Killed an entropy weaver
 17227 | Lair:4   | Offered knowledge of Fireball by Vehumet.
 17547 | Lair:4   | Found a runed translucent door.
 17548 | Lair:4   | Noticed Cakiepeg's ghost (journeyman DDGl)
 17548 | Lair:4   | Identified the +9 trident of Causality {drain, +Fly MP+9}
 17781 | Lair:4   | Identified the +6 quick blade of Folosmi {vamp, rElec rC+
                  | Str+2 SInv} (You found it on level 2 of the Lair of Beasts)
 17803 | Lair:4   | Learned a level 5 spell: Fireball
 17944 | Lair:5   | Reached skill level 12 in Fighting
 17944 | Lair:5   | Reached skill level 1 in Fire Magic
 18005 | Lair:5   | Found a frozen archway.
 18019 | IceCv    | Entered an ice cave
 18130 | IceCv    | Reached XP level 14. HP: 126/126 MP: 18/26
 18860 | IceCv    | Found the +2 cloak of the Thief {*Fog Slay-2 SInv Stlth+}
 19017 | Lair:5   | Found a runed translucent door.
 19017 | Lair:5   | Found a viscous altar of Jiyva.
 19018 | Lair:5   | Reached skill level 5 in Stealth
 19019 | Lair:5   | Found a staircase to the Slime Pits.
 19343 | Lair:5   | Learned a level 3 spell: Confusing Touch
 19737 | Lair:6   | Entered Level 6 of the Lair of Beasts
 19906 | Lair:6   | Reached skill level 1 in Hexes
 20144 | Lair:6   | Found a gate leading to a gauntlet.
 20204 | Gauntlet | Entered a Gauntlet
 20204 | Gauntlet | Found a transporter.
 20204 | Gauntlet | Found a transporter.
 20212 | Gauntlet | Found a transporter.
 20216 | Gauntlet | Found a transporter.
 20220 | Gauntlet | Found a runed translucent door.
 20220 | Gauntlet | Found a runed translucent door.
 20224 | Gauntlet | Found a transporter.
 20228 | Gauntlet | Found a transporter.
 20236 | Gauntlet | Found a transporter.
 20249 | Gauntlet | Found a transporter.
 20266 | Gauntlet | Found a transporter.
 20270 | Gauntlet | Found a transporter.
 20281 | Gauntlet | Found a transporter.
 20282 | Gauntlet | Found a transporter.
 20387 | Gauntlet | Offered knowledge of Starburst by Vehumet.
 20407 | Gauntlet | Got an ancient wooden ring
 20415 | Gauntlet | Identified the ring of Xoxeikk {rPois rF+ MP+9 Str+3 Dex-4}
 20458 | Gauntlet | HP: 5/126 [minotaur/uncursed staff of air (9)]
 20460 | Gauntlet | HP: 1/126 [minotaur/uncursed staff of air (9)]
 20460 | Gauntlet | Slain by a minotaur

Illustrated notes

Levels and vault maps discovered:
D:1:      sevenhm_arrival_forest_fort_large_4, layout_rooms,
          minmay_misc_feat_nine_boxes, minmay_misc_feat_plants
D:2:      layout_loops_corners, minitemple, uniq_jessica
D:3:      layout_loops_ring, uniq_natasha
D:4:      layout_gridville, hangedman_feature_mirror
D:5:      layout_cave_pools, serial_shops, shop, uniq_eustachio
D:6:      minmay_razor_zed, layout_basic, nicolae_qazlal_style_of_elements,
          minmay_temple_entry_junction
D:7:      kennysheep_spiral_hall, layout_gridville, minmay_manual_moon
D:8:      layout_cave_pools, serial_shops, nicolae_shop_behind_doors, uniq_grum,
          uniq_harold
D:9:      layout_irregular_city, due_lair_maze_entry_diamond, uniq_maurice
D:10:     layout_loops_ring, kennysheep_generic_room_5
Temple:   hc_temple_tempest_star
Lair:1:   layout_regular_city, hangedman_lair_unloving_vines, lemuel_oklob_altar
Lair:2:   layout_regular_city, minmay_shoals_entry_lonely_mermaid, serial_bayou,
          serial_bayou_lake_a, serial_bayou_pond_d, serial_bayou_shore_b,
          serial_bayou_pond_b, nicolae_volcano_entry_vermiform,
          lemuel_fruit_tree
Lair:3:   layout_chaotic_city, minmay_swamp_entry_wisps, grunt_megastairs_4
Lair:4:   layout_loops_ring, ebering_ghost_funeral_grove, special_room
          [special_room_mythical_zoo], minivault_29
Lair:5:   layout_loops_ring, slime_altar_2, portal_ice_cave_entry_pillars_2,
          lemuel_fruit_fields, serial_bayou_shore_b, grunt_megastairs_5,
          lemuel_fruit_fields
Lair:6:   evilmike_catoblepas_cave, layout_long_grid, gauntlet_entry_generic
Swamp:1:  layout_falls_marsh, evilmike_swamp_ruin_house_2
Gauntlet: minmay_gauntlet_77_indecision [minmay_gauntlet_arena_77_squiggly,
          minmay_gauntlet_arena_77_tiled_triplets,
          minmay_gauntlet_arena_77_shame_cube, minmay_gauntlet_arena_77_mirror,
          minmay_gauntlet_arena_77_fan,
          minmay_gauntlet_arena_77_radiant_squares, gauntlet_exit_watery]

Skill      XL: |  1  2  3  4  5  6  7  8  9 10 11 12 13 14 |
---------------+-------------------------------------------+-----
Spellcasting   | 3 4 5 6 7 8 |  8.0
Ice Magic      | 5 6 7 8 |  8.1
Summonings     | 4 6 |  6.0
Translocations | 2 |  2.0
Fighting       | 4 8 9 12 | 12.0
Dodging        | 4 7 8 11 | 11.6
Short Blades   | 2 5 7 |  7.6
Conjurations   | 2 4 8 |  8.2
Long Blades    | 3 |  3.1
Poison Magic   | 4 |  4.0
Stealth        | 2 4 6 |  6.9
Evocations     | 4 |  4.0
Fire Magic     | 1 4 |  4.0
Hexes          | 2 |  2.0

Action                   |  1- 3 |  4- 6 |  7- 9 | 10-12 | 13-15 || total
-------------------------+-------+-------+-------+-------+-------++-------
Melee: Whip              |    54 |    50 |    36 |       |       ||   140
       Tailslap          |     4 |     6 |    23 |    53 |   149 ||   235
       Unarmed           |       |    12 |       |       |       ||    12
       Dagger            |       |       |   114 |   153 |       ||   267
       Short sword       |       |       |       |   205 |   189 ||   394
       Falchion          |       |       |       |    52 |       ||    52
       Quick blade       |       |       |       |       |   627 ||   627
Throw: Stone             |       |       |     2 |     5 |       ||     7
 Cast: Freeze            |    40 |    61 |     7 |       |       ||   108
       Frozen Ramparts   |       |     9 |    21 |    45 |    22 ||    97
       Ozocubu's Armour  |       |     3 |     6 |    11 |     4 ||    24
       Summon Ice Beast  |       |       |     2 |    21 |    30 ||    53
       Hailstorm         |       |       |     1 |     7 |     2 ||    10
       Blink             |       |       |       |     3 |       ||     3
       Olgreb's Toxic Ra |       |       |       |     6 |     6 ||    12
       Iskenderun's Myst |       |       |       |       |    12 ||    12
       Fireball          |       |       |       |       |    10 ||    10
       Confusing Touch   |       |       |       |       |     2 ||     2
 Abil: Breathe Steam     |       |       |    54 |    89 |    58 ||   201
Evoke: Wand              |       |       |       |     1 |     1 ||     2
  Use: Scroll            |       |       |     6 |       |    13 ||    19
       Potion            |       |       |       |       |     3 ||     3
 Stab: Sleeping          |     2 |     3 |     2 |     4 |    17 ||    28
       Distracted        |       |     1 |     1 |     1 |     1 ||     4
       Confused          |       |       |       |       |     3 ||     3
Armor: Skin              |    22 |    21 |    53 |   105 |    99 ||   300
Dodge: Dodged            |    65 |    59 |    97 |   335 |   405 ||   961
       Rpst.: Falchion   |       |       |       |    13 |       ||    13

Table legend: (Time is in decaauts)
 A = Elapsed time spent in this place.
 B = Non-inter-level travel time spent in this place.
 C = Inter-level travel time spent in this place.
 D = Time resting spent in this place.
 E = Time spent auto-exploring this place.
 F = Levels seen in this place.
 G = Mean time per level.
                   A        B        C        D        E       F      G
               +--------+--------+--------+--------+--------+-----+--------+
         Total |  19962 |  19323 |    639 |   2545 |  12338 |  21 |  950.6 |
       Dungeon |  11571 |  11120 |    451 |   1455 |   7515 |  10 | 1157.1 |
        Temple |     16 |     10 |      6 |      0 |      1 |   1 |   16.0 |
          Lair |   6599 |   6418 |    181 |    581 |   4218 |   6 | 1099.8 |
         Swamp |      6 |      6 |      0 |      0 |      0 |   1 |    6.0 |
      Ice Cave |    875 |    875 |      0 |    333 |    206 |   1 |  875.0 |
       Volcano |    657 |    657 |      0 |    176 |    279 |   1 |  657.0 |
      Gauntlet |    235 |    235 |      0 |      0 |    119 |   1 |  235.0 |
               +--------+--------+--------+--------+--------+-----+--------+

Top non-repeatable levels by time:
     D:3: 1952 daAuts
  Lair:2: 1701 daAuts
     D:6: 1469 daAuts
  Lair:4: 1419 daAuts
     D:2: 1401 daAuts
  Lair:3: 1227 daAuts
  Lair:1: 1191 daAuts
     D:4: 1110 daAuts
     D:9: 1001 daAuts
     D:5: 993 daAuts
     D:1: 950 daAuts
     D:8: 933 daAuts
    D:10: 912 daAuts
   IceCv: 875 daAuts
     D:7: 847 daAuts
